 Dungeon Crawl Stone Soup version 0.17.1-3-g152610e (webtiles) character file.

399 Eceihueh the Skirmisher (level 6, -2/91 HPs)
             Began as a Minotaur Berserker on May 4, 2016.
             Was a Priest of Trog.
             Slain by a slave (5 damage)
             ... led by Pikel
             ... on level 4 of the Dungeon.
             The game lasted 00:11:53 (3599 turns).

Eceihueh the Skirmisher (Minotaur Berserker)        Turns: 3599, Time: 00:11:53

Health: -2/91      AC: 23    Str: 24    XL:     6   Next: 54%
Magic:  5/5        EV:  2    Int:  4    God:    Trog [***...]
Gold:   170        SH:  0    Dex:  9    Spells: 0 memorised, 5 levels left

rFire  . . .     SeeInvis .     n - +0 flail
rCold  . . .     Clarity  .     (armour currently unavailable)
rNeg   + + +     SustAt   .     (no shield)
rPois  +         Gourm    .     (helmet currently unavailable)
rElec  .         Spirit   .     (cloak currently unavailable)
rCorr  .         Warding  .     (gloves currently unavailable)
rMut   .         NoTele   +     (boots currently unavailable)
MR     .....                    (no amulet)
Stlth  +.........               (no ring)
                                (no ring)

@: tree-form, starving, not resistant to hostile enchantments, very unstealthy
A: (retaliatory headbutt), (horns 0), (fire resistance 0), robust 1, spit poison
1
a: Spit Poison, Berserk, Trog's Hand, Burn Spellbooks, Renounce Religion


You were on level 4 of the Dungeon.
You worshipped Trog.
Trog was most pleased with you.
You were starving.
You were a tree.
You visited 1 branch of the dungeon, and saw 4 of its levels.

You collected 170 gold pieces.

Inventory:

Hand Weapons
 a - a +0 mace
 n - a +0 flail (weapon)
Armour
 k - a +2 pair of gloves
 p - a +0 chain mail (melded)
Jewellery
 l - an uncursed ring of protection from magic {unknown}
Scrolls
 d - a scroll of random uselessness {unknown}
 e - 3 scrolls of blinking {unknown}
 h - 2 scrolls of magic mapping {unknown}
 i - 4 scrolls of identify {unknown}
 o - a scroll of enchant weapon {unknown}
Comestibles
 c - 5 bread rations
 f - 2 meat rations
 g - a beef jerky
 r - 4 fruits


   Skills:
 + Level 5.3 Fighting
 + Level 5.2 Maces & Flails
 + Level 5.0 Armour
 + Level 4.2 Dodging


You had 5 spell levels left.
You didn't know any spells.

Dungeon Overview and Level Annotations

Branches:
Dungeon (4/15)
 Temple: D:4-7

Altars:
Fedhas

Annotations:
D:4 Pikel


Innate Abilities, Weirdness & Mutations

((You reflexively headbutt those who attack you in melee.))
((You have a pair of horns on your head.))
((Your flesh is heat resistant.))
You are robust (+10% HP).
You can spit weak poison.


Message History

Drink which item? (? for menu, Esc to quit)
It was a potion of curing.
You feel better. The slave hits you but does no damage.
Pikel hits you but does no damage.
You barely miss Pikel.
Pikel is severely wounded.
The slave hits you but does no damage. Pikel hits you but does no damage.
You closely miss Pikel.
Pikel is severely wounded.
The slave hits you.
* * * LOW HITPOINT WARNING * * *
Pikel hits you but does no damage.
You hit Pikel but do no damage.
Pikel is severely wounded.
The slave hits you.
* * * LOW HITPOINT WARNING * * *
Pikel hits you but does no damage.
You thump Pikel!
Pikel is almost dead.
The slave hits you.
You die...

....#### #.
#....... #.
.#.###. #.### .#
##.. ...K .# #...
.p... .. ##.. #p#
.###.# ##. #K#
..#.# #. #♣# #.#.#
#. #p####.#.# ##'
#p...p...# ##..
######.### ##...
#.[....# ##....
#.#....####.(...
...........'.....
###.##....###.....
#[ #....# ##....


You could see Pikel and 4 slaves.

Vanquished Creatures
  Duvessa (D:4)
  Dowan (D:4)
  A centaur skeleton (D:4)
  Jessica (D:3)
  A worker ant (D:3)
  3 adders (D:3)
  4 gnolls (D:3)
  3 oozes
  A worm (D:2)
  2 giant geckos
  11 orcs (D:3)
  6 bats
  2 giant cockroaches (D:3)
  8 hobgoblins
  4 jackals (D:3)
  A quokka (D:3)
  2 giant newts
  7 goblins
  A jackal skeleton (D:4)
  11 kobolds
  10 rats
81 creatures vanquished.

Notes
Turn   | Place    | Note
--------------------------------------------------------------
     0 | D:1      | Eceihueh the Minotaur Berserker began the quest for the Orb.
     0 | D:1      | Reached XP level 1. HP: 19/19 MP: 0/0
   335 | D:1      | Reached XP level 2. HP: 20/26 MP: 1/1
   787 | D:2      | Reached ** piety under Trog
   787 | D:2      | Reached XP level 3. HP: 31/33 MP: 2/2
  1116 | D:2      | Reached skill level 4 in Fighting
  1940 | D:3      | Reached XP level 4. HP: 39/41 MP: 3/3
  2301 | D:3      | Noticed Jessica
  2311 | D:3      | Killed Jessica
  2332 | D:3      | Reached XP level 5. HP: 44/47 MP: 4/4
  2683 | D:3      | Reached *** piety under Trog
  2912 | D:3      | Found a blossoming altar of Fedhas.
  3183 | D:4      | Noticed Duvessa
  3183 | D:4      | Noticed Dowan
  3190 | D:4      | Killed Duvessa
  3190 | D:4      | Reached skill level 5 in Fighting
  3190 | D:4      | Reached skill level 5 in Maces & Flails
  3190 | D:4      | Reached XP level 6. HP: 47/56 MP: 5/5
  3209 | D:4      | Killed Dowan
  3420 | D:4      | Reached skill level 5 in Armour
  3570 | D:4      | Noticed a slave
  3570 | D:4      | Noticed a slave
  3572 | D:4      | Noticed Pikel
  3576 | D:4      | Noticed a slave
  3581 | D:4      | Noticed a slave
  3593 | D:4      | Gained mutation: You can spit weak poison. [potion of mutation]
  3593 | D:4      | Gained mutation: Your flesh is heat resistant. [potion of mutation]
  3593 | D:4      | Gained mutation: You are robust (+10% HP). [potion of mutation]
  3593 | D:4      | HP: 1/61 [slave[Pikel] (3)]
  3598 | D:4      | HP: 3/91 [slave[Pikel] (3)]
  3599 | D:4      | Slain by a slave

Action                   |  1- 3 |  4- 6 || total
-------------------------+-------+-------++-------
Melee: Mace              |    83 |       ||    83
       Flail             |    15 |   122 ||   137
Invok: Berserk           |       |     1 ||     1
  Use: Potion            |       |     4 ||     4
 Stab: Distracted        |       |     1 ||     1
  Eat: Chunk             |     2 |     4 ||     6
       Pizza             |     1 |       ||     1
